 Seeded DCSS version 0.28-a0-1206-g193881aaa2 (webtiles) character file.

Game seed: 17753636173388036118 (custom seed)

35 flotson the Ducker (level 3, -3/28 HPs)
             Began as a Demonspawn Gladiator on Dec 20, 2021.
             Slain by an adder (4 damage)
             ... on level 2 of the Dungeon.
             The game lasted 00:01:35 (921 turns).

flotson the Ducker (Demonspawn Gladiator)            Turns: 921, Time: 00:01:36

Health: -3/28      AC:  4    Str: 15 (16) XL:     3   Next: 16%
Magic:  3/3        EV: 12    Int:  8 (9)  God:
Gold:   43         SH:  0    Dex: 11 (14) Spells: 2/2 levels left

rFire   . . .      SeeInvis .   a - +0 war axe
rCold   . . .      Faith    .   (no shield)
rNeg    . . .      Spirit   .   b - +0 leather armour
rPois   .          Reflect  .   c - +0 helmet
rElec   .          Harm     .   (no cloak)
rCorr   .          Rampage  .   (no gloves)
Will    .....                   (no boots)
Stlth   +.........              (no amulet)
HPRegen 0.09/turn               (no ring)
MPRegen 0.08/turn               (no ring)

@: no status effects
A: powered by death 2
a: no special abilities


You were on level 2 of the Dungeon.
You visited 1 branch of the dungeon, and saw 2 of its levels.

You collected 43 gold pieces.

Inventory:

Hand Weapons
 a - a +0 war axe (weapon)
Missiles
 d - 3 throwing nets (quivered)
 g - 3 curare-tipped darts
 i - 3 poisoned darts
Armour
 b - a +0 leather armour (worn)
 c - a +0 helmet (worn)
Scrolls
 f - a scroll of amnesia {unknown}
 h - 3 scrolls of teleportation {unknown}
 j - a scroll of vulnerability {unknown}
 k - a scroll of noise {unknown}


   Skills:
 + Level 2.4 Fighting
 - Level 2.6 Axes
 + Level 2.2 Throwing
 + Level 1.0 Armour
 + Level 3.0 Dodging


You had 2 spell levels left.
You didn't know any spells.
Your spell library was empty.

Dungeon Overview and Level Annotations

Branches:
Dungeon (2/15)

Altars:


Innate Abilities, Weirdness & Mutations

You regenerate health from kills.


Message History

You kill the rat!
The bat hits you but does no damage. The adder misses you.
You barely miss the adder. The bat hits you. The adder barely misses you.
The bat misses you. The adder bites you. The bat hits you but does no damage.
You closely miss the adder. You hit the bat. The bat closely misses you.
The adder bites you but does no damage. The adder bites you.
You are poisoned.
The adder poisons you!
You closely miss the bat.
The bat is severely wounded.
You barely miss the adder.
You feel sick. The bat hits you but does no damage. The adder bites you.
The bat hits you. The adder closely misses you.
You are too injured to fight recklessly!
You are too injured to fight recklessly!
You are too injured to fight recklessly!
You are too injured to fight recklessly!
You are too injured to fight recklessly!
You are too injured to fight recklessly!
You are too injured to fight recklessly!
You are too injured to fight recklessly!
You closely miss the adder. You barely miss the bat.
You feel sick. The bat hits you. The adder bites you but does no damage.
Unknown command.
You barely miss the adder. You barely miss the bat.
You feel sick. The bat barely misses you. The adder closely misses you. x2
You closely miss the adder.
You feel sick. The bat barely misses you. The adder barely misses you.
The bat hits you.
* * * LOW HITPOINT WARNING * * *
The adder bites you.
* * * LOW HITPOINT WARNING * * *
Unknown command.
You hit the adder but do no damage. You barely miss the bat.
You feel sick.
You are no longer poisoned.
The bat closely misses you. The adder closely misses you. The adder bites you.
* * * LOW HITPOINT WARNING * * *
It was a potion of degeneration.
There was something very wrong with that liquid.
You feel weakened.
You feel dopey.
You feel clumsy. The bat barely misses you. The adder bites you.
You die...

#.................
#........#........##
##.................#
#####..##..........
####....##..........
........#..........#
....#.#.........!..# #
....#..............##
##...<..........@S.....#
...........#............
# .........#.....b......
#....................#.#
#..........#.........# .
.......................
†.##.#..#####..##.###...
............... .. .##
..............# #


You could see an adder and a bat.

Vanquished Creatures
  A dart slug (D:2)
  2 ball pythons
  4 endoplasms
  4 goblins (D:1)
  4 hobgoblins
  A kobold (D:2)
  A quokka (D:2)
  6 bats
  4 frilled lizards (D:1)
  4 rats
31 creatures vanquished.

Vanquished Creatures (others)
  A fungus (D:1)
  3 plants
4 creatures vanquished.

Grand Total: 35 creatures vanquished

Notes
Turn   | Place    | Note
-------+----------+-------------------------------------------
     0 | D:1      | flotson the Demonspawn Gladiator began the quest for the
                  | Orb.
     0 | D:1      | Reached XP level 1. HP: 16/16 MP: 1/1
   105 | D:1      | Gained mutation: You regenerate a little health from kills.
                  | [demonic ancestry]
   105 | D:1      | Reached XP level 2. HP: 19/22 MP: 2/2
   261 | D:1      | You fall into a shaft and drop 1 floor!
   328 | D:1      | Found a faded altar of an unknown god.
   571 | D:1      | Reached skill level 3 in Dodging
   693 | D:2      | Reached skill level 1 in Armour
   713 | D:2      | Gained mutation: You regenerate health from kills. [demonic
                  | ancestry]
   713 | D:2      | Reached XP level 3. HP: 28/28 MP: 3/3
   920 | D:2      | HP: 1/28 [adder (3)]
   921 | D:2      | Slain by an adder

Illustrated notes

Levels and vault maps discovered:
D:1:      lightli_arrival_lavapool, layout_basic,
          dreamdust_ecumenical_altar_hidden_monk_grotto
D:2:      layout_rooms, serial_bayou_pond_b, hex_intersection,
          amcnicky_mini_pool_small, uniq_terence, uniq_crazy_yiuf_cottage

Skill      XL: |  1  2 |
---------------+-------+-----
Throwing       | 2 |  2.2
Dodging        | 3 |  3.0
Armour         | 1 |  1.0
Fighting       | |  2.4
Axes           | |  2.6

Action                   || total
-------------------------++-------
Melee: War axe           ||    90
  Use: Potion            ||     1
Armor: Leather armour    ||    36
Dodge: Dodged            ||    99

Table legend: (Time is in decaauts)
 A = Elapsed time spent in this place.
 B = Non-inter-level travel time spent in this place.
 C = Inter-level travel time spent in this place.
 D = Time resting spent in this place.
 E = Time spent auto-exploring this place.
 F = Levels seen in this place.
 G = Mean time per level.
                   A        B        C        D        E       F      G
               +--------+--------+--------+--------+--------+-----+--------+
         Total |    954 |    910 |     44 |      0 |    667 |   2 |  477.0 |
       Dungeon |    954 |    910 |     44 |      0 |    667 |   2 |  477.0 |
               +--------+--------+--------+--------+--------+-----+--------+

Top non-repeatable levels by time:
     D:1: 669 daAuts
     D:2: 285 daAuts
